 Dungeon Crawl Stone Soup version 0.31.0-32-g396128a36d (webtiles) character file.

Game seed: 13212066384431642923

6153 Ijustatesigmund the Fighter (level 10, 0/113 HPs)
             Began as an Oni Conjurer on Mar 12, 2024.
             Was a Follower of Cheibriados.
             Killed from afar by an air elemental (12 damage)
             ... with a stunning burst
             ... while paralysed by an air elemental
             ... on level 10 of the Dungeon.
             The game lasted 00:22:14 (11026 turns).

Ijustatesigmund the Fighter (Oni Conjurer)         Turns: 11026, Time: 00:22:14

Health: 0/113      AC:  4    Str: 21    XL:     10   Next: 90%
Magic:  19/22      EV:  1    Int: 25    God:    Cheibriados [*.....]
Gold:   470        SH:  0    Dex: 15    Spells: 19/26 levels left

rFire   . . .        m - +0 giant spiked club (freeze)
rCold   . . .        (shield currently unavailable)
rNeg    . . .        a - +0 troll leather armour
rPois   .            (helmet restricted)
rElec   .            (no cloak)
rCorr   .            (gloves unavailable)
SInv    .            (boots unavailable)
Will    +....        q - amulet of the acrobat
Stlth   ++           A - +6 ring of strength
HPRegen 1.18/turn    E - +6 ring of dexterity
MPRegen 0.18/turn

%: acrobat
@: paralysed, very slightly contaminated, very slow
A: large, unfitting armour, horns 1, tough skin 1, double potion healing,
drunken brawling
a: Renounce Religion, Bend Time


You were on level 10 of the Dungeon.
You worshipped Cheibriados.
Cheibriados was aware of your devotion.
You visited 2 branches of the dungeon, and saw 11 of its levels.

You collected 470 gold pieces.

Inventory:

Hand Weapons
 c - a +4 dagger
 m - a +0 giant spiked club of freezing (weapon)
Missiles
 j - 3 throwing nets
Armour
 a - a +0 troll leather armour (worn)
 k - a +2 kite shield
Jewellery
 q - an amulet of the acrobat (around neck)
 A - a +6 ring of strength (left hand)
 B - the ring of Bodily Harmony {*Corrode rElec rF+ AC+4}
   (You found it on level 10 of the Dungeon)

   [ring of protection]

   AC+4:      It affects your AC (+4).
   rF+:       It protects you from fire.
   rElec:     It insulates you from electricity.
   *Corrode:  It may corrode you when you take damage.
 E - a +6 ring of dexterity (right hand)
Wands
 x - a wand of polymorph (3)
 C - a wand of iceblast (9)
 F - a wand of charming (11)
 H - a wand of acid (6)
Scrolls
 d - a scroll of vulnerability {unknown}
 g - a scroll of enchant weapon {unknown}
 o - a scroll of revelation {unknown}
 p - 4 scrolls of teleportation
 u - a scroll of noise {unknown}
 w - a scroll of silence {unknown}
 z - a scroll of fog {unknown}
 D - a scroll of poison {unknown}
 I - a scroll of amnesia {unknown}
 J - a scroll of immolation {unknown}
Potions
 b - a potion of magic
 e - 3 potions of brilliance
 f - 2 potions of mutation
 h - 2 potions of enlightenment
 i - a potion of curing
 l - a potion of degeneration {unknown}
 n - a potion of might
 r - 2 potions of attraction {unknown}
 s - a potion of berserk rage {unknown}
 t - a potion of haste {unknown}
 G - a potion of lignification {unknown}
 K - a potion of ambrosia {unknown}


   Skills:
 + Level 11.0 Fighting
 + Level 6.6 Maces & Flails
 + Level 2.5 Armour
 - Level 1.7 Dodging
 - Level 1.4 Stealth
 + Level 8.6 Spellcasting
 - Level 5.5 Conjurations
 - Level 5.2 Translocations
 + Level 4.9 Invocations


You had 19 spell levels left.
You knew the following spells:

 Your Spells              Type           Power      Damage    Failure   Level
a - Magic Dart            Conj           100%       1d8       1%          1
b - Searing Ray           Conj           76%        2d7       1%          2
c - Iskenderun's Mystic   Conj/Tloc      37%        2d9       7%          4

Your spell library contained the following spells:

 Spells                   Type           Power      Damage    Failure   Level
 Kiss of Death            Conj/Necr      96%        2d12      1%          1
 Lesser Beckoning         Tloc           74%        N/A       1%          2
 Gell's Gravitas          Tloc           37%        N/A       2%          3
 Teleport Other           Tloc           37%        N/A       2%          3
 Sandblast                Erth           20%        2d7       6%          1
 Stone Arrow              Conj/Erth      48%        3d10      6%          3
 Manifold Assault         Tloc           37%        N/A       8%          4
 Confusing Touch          Hex            10%        N/A       19%         3
 Fugue of the Fallen      Necr           10%        N/A       19%         3
 Ozocubu's Armour         Ice            10%        N/A       19%         3
 Passwall                 Erth           10%        N/A       19%         3
 Brom's Barrelling Bould  Conj/Erth      24%        2d5       21%         4
 Fulminant Prism          Conj/Alch      12%        3d9       21%         4
 Animate Dead             Necr           10%        N/A       54%         4
 Dispel Undead            Necr           10%        3d9       54%         4
 Metabolic Englaciation   Hex/Ice        5%         N/A       87%         5
 Sculpt Simulacrum        Ice/Alch       5%         N/A       100%        6


Dungeon Overview and Level Annotations

Branches:
Dungeon (9/15)             Temple (1/1) D:7
   Lair: D:8-11         Orc: D:9-12

Altars:
Ashenzari
Cheibriados
Dithmenos
Elyvilon
Fedhas
Gozag
Makhleb
Nemelex Xobeh
Okawaru
Qazlal
Ru
Sif Muna
Trog
Vehumet
Wu Jian
Xom
Yredelemnul
Zin
The Shining One

Annotations:
Temple 2 transporters


Innate Abilities, Weirdness & Mutations

You are too large for most types of armour.
You have a pair of small horns on your head.
You have tough skin. (AC +1)
You gain doubled healing and magic from potions.
Whenever you drink a healing potion, you attack all around you.


Message History

The air elemental hits you! The fire elemental hits you.
The fire elemental burns you!
The air elemental fires a burst of electricity at you.
The stunning burst hits you!
* * * LOW HITPOINT WARNING * * *
You can move again.
Casting: Searing Ray (safe; 1% risk of failure)
Confirm with . or Enter, or press ? or * to list all spells.
You miscast Iskenderun's Mystic Blast.
You are very lightly contaminated with residual magic.
Nothing appears to happen.
The air elemental fires a burst of electricity at you.
The stunning burst hits you!
You shrug off the repeated paralysis!
* * * LOW HITPOINT WARNING * * *
The air elemental barely misses you.
The fire elemental completely misses you.
Okay, then.
As you read the scroll of fear, it crumbles to dust.
You assume a fearsome visage.
The air elemental is unaffected.
The fire elemental is unaffected.
The orc looks frightened! x2
The air elemental hits you!
* * * LOW HITPOINT WARNING * * *
The air elemental barely misses you. The fire elemental hits you.
* * * LOW HITPOINT WARNING * * *
The fire elemental burns you!
* * * LOW HITPOINT WARNING * * *
The air elemental hits you but does no damage.
Blink to where?
Press: ? - help, Dir - move target
As you read the scroll of blinking, it crumbles to dust.
Blink to where?
Press: ? - help, Dir - move target
As you read the scroll of blinking, it crumbles to dust.
The air elemental fires a burst of electricity at you.
The stunning burst misses you.
There is a stone staircase leading down here.
The air elemental fires a burst of electricity at you.
The stunning burst hits you!
You suddenly lose the ability to move!
You stop descending the stairs.
You die...

#.##.o##..# #.#
#....{.#..#
#.####......#..#
#.#.......°..... ##
#.#.###...☼.#..# ...#
#.#.# #..§..#..# #....
#.#.# ###E###..#
#...###.#.#####.###..#
#...@.E.........)...#
#...###.......§.###.##
#...# ......########.#
##. ####...##.......#
######.####### #.# #(#
#.# #.#


You could see an air elemental.

Vanquished Creatures
  2 two-headed ogres
  Maggie (D:8)
  A komodo dragon (D:10)
  A troll (D:8)
  Sigmund (D:3)
  A wyvern (D:7)
  A ynoxinul (D:8)
  5 yaks (D:8)
  A steam dragon (D:7)
  2 water moccasins
  An orc warrior (D:5)
  4 ogres
  A centaur (D:10)
  A phantom (D:6)
  3 kobold brigands
  5 bullfrogs
  A scorpion (D:6)
  2 gnoll sergeants
  4 wights (D:8)
  2 howler monkeys
  A bombardier beetle (D:5)
  4 crimson imps (D:6)
  5 hounds
  4 jellies
  An orc priest (D:8)
  A sleepcap (D:6)
  Terence (D:3)
  7 iguanas
  3 orc wizards
  15 gnolls
  4 river rats (D:5)
  8 adders
  A shadow imp (D:7)
  A white imp (D:5)
  2 ufetubi (D:4)
  2 dart slugs
  12 orcs
  4 bats
  2 endoplasms
  4 giant cockroaches
  3 goblins (D:2)
  8 hobgoblins
  3 jackals (D:4)
  5 quokkas
  6 ball pythons
  2 frilled lizards
  28 kobolds
  3 rats
180 creatures vanquished.

Notes
Turn   | Place    | Note
-------+----------+-------------------------------------------
     0 | D:1      | Ijustatesigmund the Oni Conjurer began the quest for the
                  | Orb.
     0 | D:1      | Reached XP level 1. HP: 16/16 MP: 3/3
    18 | D:1      | Reached skill level 1 in Fighting
   131 | D:1      | Reached skill level 2 in Fighting
   175 | D:1      | Reached XP level 2. HP: 28/28 MP: 0/5
   231 | D:1      | Learned a level 2 spell: Searing Ray
   354 | D:1      | Reached skill level 3 in Fighting
   416 | D:1      | Found a faded altar of an unknown god.
   980 | D:2      | Reached XP level 3. HP: 37/37 MP: 4/6
  1132 | D:1      | Reached skill level 4 in Fighting
  1472 | D:2      | Reached XP level 4. HP: 49/49 MP: 5/7
  2049 | D:3      | Reached skill level 5 in Fighting
  2049 | D:3      | Reached XP level 5. HP: 54/57 MP: 1/9
  2186 | D:3      | Noticed Sigmund
  2192 | D:3      | Killed Sigmund
  2193 | D:3      | Reached skill level 6 in Fighting
  2193 | D:3      | Reached XP level 6. HP: 58/67 MP: 1/11
  2423 | D:3      | Found a sparkling altar of Nemelex Xobeh.
  2796 | D:3      | Noticed Terence
  2808 | D:3      | Killed Terence
  3354 | D:4      | Learned a level 4 spell: Iskenderun's Mystic Blast
  3383 | D:4      | Found an iron altar of Okawaru.
  3429 | D:4      | Reached XP level 7. HP: 76/76 MP: 9/13
  3445 | D:4      | Found a radiant altar of Vehumet.
  3606 | D:4      | Reached skill level 1 in Maces & Flails
  3749 | D:4      | Reached skill level 1 in Translocations
  4288 | D:4      | HP: 2/76 [kobold/+0 club (3)]
  4704 | D:4      | Reached skill level 7 in Fighting
  5017 | D:5      | Entered Level 5 of the Dungeon
  5053 | D:5      | Reached skill level 5 in Spellcasting
  5252 | D:5      | Reached XP level 8. HP: 20/87 MP: 10/15
  5823 | D:5      | Identified the +11 trident "Soaluq" {freeze, Int+4}
  6356 | D:5      | Found a basalt altar of Yredelemnul.
  6360 | D:5      | Reached skill level 8 in Fighting
  6664 | D:6      | HP: 4/88 [poisoned by a water moccasin]
  7277 | D:6      | Reached XP level 9. HP: 97/97 MP: 15/18
  7623 | D:6      | Found a shimmering altar of Xom.
  7648 | D:6      | Reached skill level 9 in Fighting
  8525 | D:7      | Reached skill level 5 in Maces & Flails
  8666 | D:7      | Found a staircase to the Ecumenical Temple.
  8678 | Temple   | Found a transporter.
  8678 | Temple   | Found a transporter.
  8678 | Temple   | Found a transporter.
  8678 | Temple   | Found a transporter.
  8678 | Temple   | Entered the Ecumenical Temple
  8696 | Temple   | Became a worshipper of Cheibriados the Contemplative
  9132 | D:7      | Reached skill level 1 in Invocations
  9415 | D:8      | Reached skill level 5 in Conjurations
  9492 | D:8      | Found an opulent altar of Gozag.
  9651 | D:8      | Found a glowing silver altar of Zin.
  9651 | D:8      | Noticed a two-headed ogre
  9661 | D:8      | Killed a two-headed ogre
  9662 | D:8      | Reached skill level 10 in Fighting
  9662 | D:8      | Reached skill level 5 in Translocations
  9662 | D:8      | Reached XP level 10. HP: 100/110 MP: 9/21
  9774 | D:8      | Found a shimmering blue altar of Sif Muna.
  9782 | D:8      | Got Sif Muna's Writings on Wicked Magic
 10158 | D:8      | Found a bloodstained altar of Trog.
 10240 | D:8      | Found a shadowy altar of Dithmenos.
 10255 | D:8      | Noticed Maggie
 10269 | D:8      | Killed Maggie
 10275 | D:8      | Reached * piety under Cheibriados
 10276 | D:8      | Reached skill level 1 in Armour
 10534 | D:9      | Noticed a two-headed ogre
 10547 | D:9      | Killed a two-headed ogre
 10855 | D:9      | You fall into a shaft and drop 1 floor!
 10855 | D:10     | Entered Level 10 of the Dungeon
 10864 | D:10     | Identified the ring of Bodily Harmony {*Corrode rElec rF+
                  | AC+4}
 10976 | D:10     | Reached skill level 11 in Fighting
 10985 | D:10     | Found a large runed translucent door.
 10985 | D:10     | Found a large runed translucent door.
 11019 | D:10     | Paralysed by an air elemental for 1 turns
 11021 | D:10     | HP: 5/113 [fire elemental (13)]
 11026 | D:10     | Paralysed by an air elemental for 1 turns
 11026 | D:10     | Killed from afar by an air elemental

Illustrated notes

Levels and vault maps discovered:
D:1:      lemuel_arrival_behind_the_door_large, layout_rooms,
          basic_ecumenical_altar, corexii_hall_statues_l
D:2:      minmay_alternating_diamond, layout_loops_ring, st_stairs_8,
          kennysheep_nub, minmay_split_cup_small
D:3:      layout_basic, mainiacjoe_overflow_paths, corexii_shack, uniq_sigmund,
          uniq_terence
D:4:      cheibrodos_thug_alley, layout_basic, mainiacjoe_overflow_brackets,
          lemuel_round_altar, serial_aquarium, aquarium_bridge_long_separate
          [aquarium_subvault_wall, aquarium_subvault_wall,
          aquarium_subvault_bridge, aquarium_subvault_wall,
          aquarium_subvault_bridge, aquarium_subvault_window],
          aquarium_bridge_square [aquarium_subvault_bridge,
          aquarium_subvault_bridge, aquarium_subvault_wall,
          aquarium_subvault_wall], aquarium_window_2, aquarium_window_2,
          aquarium_window_corridor_1, aquarium_window_1, aquarium_view_2c,
          aquarium_pool_2, kennysheep_crisscross, chequers_arboretum
D:5:      wad_woods_tower, layout_loops_ring, yredelemnul_altar_generic,
          skrybe_limestone_x
D:6:      layout_cave_pools, led_xom_imps
D:7:      layout_basic, temple_statues, serial_rivers,
          chequers_serial_rivers_large_a, chequers_serial_rivers_micro_a,
          chequers_serial_rivers_large_b, chequers_serial_rivers_micro_a,
          chequers_serial_rivers_room_b, chequers_serial_rivers_micro_e
D:8:      layout_rooms, nzn_overflow_gifts_of_might_and_magic,
          grunt_dithmenos_smoke, old_standard_altar,
          mainiacjoe_overflow_24_doors, uniq_maggie
D:9:      layout_roguey, mainiacjoe_overflow_alcove_1, orc_0_dummy, special_room
          [special_room_orc], nicolae_rejected_hall
D:10:     layout_loops_ring, lemuel_zombie_altar_kikubaaqudgha,
          nicolae_uskayaw_en_pointe, lightli_elemental_guards
Temple:   hellmonk_temple_divided_pantheon

Skill      XL: |  1  2  3  4  5  6  7  8  9 10 |
---------------+-------------------------------+-----
Fighting       | 2 3 4 5 6 7 8 10 11 | 11.0
Spellcasting   | 3 4 5 6 7 8 |  8.6
Conjurations   | 4 5 |  5.5
Maces & Flails | 2 4 5 6 |  6.6
Translocations | 2 3 5 |  5.2
Invocations    | 2 4 |  4.9
Armour         | 2 |  2.5
Dodging        | |  1.7
Stealth        | |  1.4

Action                     |  1- 3 |  4- 6 |  7- 9 | 10-12 || total
---------------------------+-------+-------+-------+-------++-------
  Melee: Unarmed           |     2 |       |       |       ||     2
         Short sword       |     3 |       |       |       ||     3
         Headbutt          |     1 |     3 |    33 |     9 ||    46
         Dagger            |       |    24 |       |       ||    24
         Giant spiked club |       |       |   101 |     4 ||   105
         Trident           |       |       |    71 |    27 ||    98
   Cast: Magic Dart        |    47 |    58 |   144 |     7 ||   256
         Searing Ray       |     2 |     6 |    25 |    10 ||    43
         Iskenderun's Myst |       |       |     5 |     2 ||     7
  Evoke: Wand              |       |       |       |     3 ||     3
    Use: Potion            |     1 |       |     5 |     1 ||     7
         Scroll            |       |       |     5 |     4 ||     9
   Stab: Sleeping          |       |     2 |     3 |       ||     5
         Distracted        |       |       |       |     1 ||     1
 Armour: Robe              |    10 |    23 |   249 |    21 ||   303
         Troll leather arm |       |       |       |    42 ||    42
  Dodge: Dodged            |     7 |    15 |   186 |    51 ||   259
  Block: Kite shield       |       |       |    63 |    31 ||    94
